 Dungeon Crawl Stone Soup version 0.30-a0-847-g17996783a1 (webtiles) character file.

Game seed: 10249069785303397566

104398 jasper the Warrior (level 16, -2/141 (157) HPs)
             Began as a Hill Orc Monk on Mar 3, 2023.
             Was a High Priest of Beogh.
             Slain by a faun
             ... wielding a +0 spear
             ... led by a satyr
              (18 damage)
             ... on level 3 of the Shoals.
             The game lasted 00:59:40 (29222 turns).

jasper the Warrior (Hill Orc Monk)                 Turns: 29222, Time: 00:59:41

HP:   -2/141 (157)  AC: 21    Str: 22    XL:     16   Next: 38%
MP:   25/25         EV: 12    Int: 10    God:    Beogh [*****.]
Gold: 1108          SH: 13    Dex: 13    Spells: 15/15 levels left

rFire   . . .      SeeInvis .    t - +9 broad axe (freeze)
rCold   + . .      Faith    .    O - +0 kite shield
rNeg    . . .      Spirit   .    r - +1 plate armour of the Salamander {rPois}
rPois   +          Reflect  .    Q - +0 helmet
rElec   .          Rampage  .    (no cloak)
rCorr   .                        k - +0 pair of gloves
Will    .....                    P - +0 pair of boots Stlth
                                 w - amulet of regeneration
HPRegen 1.23/turn                v - +5 ring of evasion
MPRegen 0.19/turn                G - ring of protection from cold

@: lit by a corona, weak-willed, glowing, heavily drained
A: walk on water
a: Renounce Religion, Smiting, Recall Orcish Followers, Give Item to Named
Follower


You were on level 3 of the Shoals.
You worshipped Beogh.
Beogh was extremely pleased with you.
You visited 5 branches of the dungeon, and saw 26 of its levels.
You also visited: Bailey.

You collected 2813 gold pieces.
You spent 1705 gold pieces at shops.

Inventory:

Hand Weapons
 e - a +2 bardiche of venom
 s - a -1 demon whip of venom
 t - a +9 broad axe of freezing (weapon)
 z - a +2 arbalest of freezing
 E - a +0 broad axe of venom
 M - a +0 arbalest
 U - the +8 whip of Inconvenience {venom, Fly rPois Will-}
   (You found it on level 4 of the Lair of Beasts)

   rPois:     It protects you from poison.
   Fly:       It grants you flight.
   Will:      It decreases your willpower.
 W - a +0 trident
 Y - a +6 eveningstar
Missiles
 f - 11 throwing nets
 g - 2 curare-tipped darts
 x - 50 poisoned darts
 X - 16 boomerangs (quivered)
 Z - 6 javelins
Armour
 b - a +0 plate armour
 j - a +0 kite shield
 k - a +0 pair of gloves (worn)
 r - the +1 plate armour of the Salamander (worn) {rPois}
   (You bought it in a shop on level 2 of the Orcish Mines)

   rPois:     It protects you from poison.
 O - a +0 kite shield (worn)
 P - a +0 pair of boots (worn)
 Q - a +0 helmet (worn)
Jewellery
 h - a ring of see invisible
 v - a +5 ring of evasion (left hand)
 w - an amulet of regeneration (around neck)
 G - a ring of protection from cold (right hand)
Wands
 l - a wand of digging (10)
 F - a wand of mindburst (10)
 N - a wand of iceblast (8)
 S - a wand of flame (32)
Scrolls
 n - 5 scrolls of fog
 u - a scroll of identify
 y - 9 scrolls of vulnerability
 D - 2 scrolls of enchant armour
 I - 12 scrolls of teleportation
 J - 3 scrolls of amnesia
 R - 2 scrolls of butterflies
 V - 2 scrolls of magic mapping
Potions
 a - a potion of resistance
 c - 9 potions of ambrosia
 d - 4 potions of brilliance
 i - 16 potions of curing
 m - a potion of cancellation
 o - 4 potions of invisibility
 p - 3 potions of attraction
 q - 6 potions of mutation
 A - 9 potions of might
 B - 2 potions of haste
 C - 3 potions of flight
 H - 5 potions of lignification
 K - a potion of heal wounds
 T - 2 potions of magic {unknown}


   Skills:
 * Level 18.1 Fighting
 - Level 18.0 Axes
 + Level 13.4 Armour
 - Level 2.4 Dodging
 - Level 1.5 Stealth
 - Level 15.0 Shields
 + Level 13.0 Invocations


You had 15 spell levels left.
You didn't know any spells.
Your spell library contained the following spells:

 Spells                   Type           Power      Damage    Failure   Level
 Apportation              Tloc           0%         N/A       100%        1
 Kiss of Death            Conj/Necr      0%         2d5       100%        1
 Necrotise                Necr           0%         1d4       100%        1
 Sandblast                Erth           0%         2d4       100%        1
 Summon Small Mammal      Summ           0%         N/A       100%        1
 Cigotuvi's Dreadful Rot  Necr/Pois/Air  0%         N/A       100%        2
 Ensorcelled Hibernation  Hex/Ice        0%         N/A       100%        2
 Passwall                 Tmut/Erth      0%         N/A       100%        2
 Poisonous Vapours        Pois/Air       0%         N/A       100%        2
 Confusing Touch          Hex            0%         N/A       100%        3
 Frozen Ramparts          Ice            0%         1d1       100%        3
 Inner Flame              Hex/Fire       0%         N/A       100%        3
 Mephitic Cloud           Conj/Pois/Air  0%         N/A       100%        3
 Portal Projectile        Hex/Tloc       0%         N/A       100%        3
 Spider Form              Tmut/Pois      0%         N/A       100%        3
 Stone Arrow              Conj/Erth      0%         3d7       100%        3
 Tukima's Dance           Hex            0%         N/A       100%        3
 Anguish                  Hex/Necr       0%         N/A       100%        4
 Animate Armour           Summ/Erth      0%         N/A       100%        4
 Cause Fear               Hex            0%         N/A       100%        4
 Dispel Undead            Necr           0%         3d6       100%        4
 Flame Wave               Conj/Fire      0%         2d4       100%        4
 Ice Form                 Ice/Tmut       0%         N/A       100%        4
 Passage of Golubria      Tloc           0%         N/A       100%        4
 Sticky Flame             Conj/Fire      0%         2d3       100%        4
 Summon Ice Beast         Ice/Summ       0%         N/A       100%        4
 Alistair's Intoxication  Tmut/Pois      0%         N/A       100%        5
 Blade Hands              Tmut           0%         N/A       100%        5
 Borgnjor's Vile Clutch   Necr/Erth      0%         N/A       100%        5
 Fireball                 Conj/Fire      0%         3d3       100%        5
 Freezing Cloud           Conj/Ice/Air   0%         6-21      100%        5
 Iskenderun's Battlesphe  Conj           0%         2d6       100%        5
 Silence                  Hex/Air        0%         N/A       100%        5
 Yara's Violent Unravell  Hex/Tmut       0%         3d3       100%        5
 Conjure Ball Lightning   Conj/Air       0%         3x3d6     100%        6
 Eringya's Noxious Bog    Tmut/Pois      0%         N/A       100%        6
 Iron Shot                Conj/Erth      0%         9d1       100%        6
 Simulacrum               Ice/Necr       0%         N/A       100%        6
 Orb of Destruction       Conj           0%         9d5       100%        7
 Spellforged Servitor     Conj/Summ      0%         N/A       100%        7
 Discord                  Hex            0%         N/A       100%        8
 Lehudib's Crystal Spear  Conj/Erth      0%         10d2      100%        8
 Polar Vortex             Ice            0%         N/A       100%        9


Dungeon Overview and Level Annotations

Branches:
Dungeon (15/15)            Temple (1/1) D:7            Lair (5/5) D:9
 Shoals (3/4) Lair:3       Spider (0/4) Lair:2        Slime (0/5) Lair:4
    Orc (2/2) D:11            Elf (0/3) Orc:2        Vaults (0/5) D:13
 Depths (0/4) D:15         Bailey (visited)

Altars:
Ashenzari
Cheibriados
Dithmenos
Elyvilon
Fedhas
Gozag
Hepliaklqana
Kikubaaqudgha
Makhleb
Nemelex Xobeh
Okawaru
Qazlal
Ru
Sif Muna
Trog
Uskayaw
Vehumet
Wu Jian
Xom
Yredelemnul
Zin
The Shining One
Beogh
Jiyva

Shops:
D:4 !   D:11 *   Orc:2 [(*([

Annotations:
D:7 2 transporters, dialectric's ghost, novice DsFi
D:13 3 runed translucent doors


Message History

The snapping turtle bites you from afar!
The merfolk javelineer throws a javelin.
The javelin pierces through you!
You take 29 damage, and have 89/141 hp.
MASSIVE DAMAGE!!
You slash the merfolk javelineer! You freeze the merfolk javelineer.
The merfolk javelineer is moderately wounded.
You slash the faun! You freeze the faun. You closely miss the faun.
You slice the satyr!! You freeze the satyr!
The faun splashes around in the water.
The faun unwields a +0 spear.
The faun wields a +0 sling.
The faun shoots a sling bullet.
The sling bullet closely misses you.
The snapping turtle bites you but does no damage.
The faun unwields a +0 club.
The faun wields a +0 sling.
The faun shoots a sling bullet.
The sling bullet hits you but does no damage.
The merfolk javelineer hits you but does no damage.
The faun hits you with a +0 spear!!
The satyr unwields a +0 spear.
The satyr wields a +0 longbow.
The satyr shoots an arrow.
The arrow completely misses you.
The arrow hits the snapping turtle!!
The snapping turtle bites you!
You take 35 damage, and have 55/141 hp.
MASSIVE DAMAGE!!
You slash the faun! You freeze the faun.
The faun is heavily wounded.
You closely miss the satyr. You slash the snapping turtle!
You freeze the snapping turtle. You barely miss the faun.
You slash the merfolk javelineer! You freeze the merfolk javelineer.
The faun unwields a +0 sling.
The faun wields a +0 spear.
The faun hits you with a +0 spear.
The merfolk javelineer throws a javelin.
The javelin pierces through you.
The faun shoots a sling bullet.
The sling bullet hits you. The faun hits you with a +0 spear!!
* * * LOW HITPOINT WARNING * * *
The satyr plays a lulling melody on his pipes!
You fall asleep.
The merfolk javelineer throws a javelin.
The javelin pierces through you!
You wake up.
* * * LOW HITPOINT WARNING * * *
The snapping turtle barely misses you. You block the faun's attack.
The faun hits you with a +0 spear!!
You die...

.~..~..~~~~ ...~..~~~~~
..~~~~~≈≈≈≈≈≈
#......~~~~##.~~~~~≈≈≈≈≈≈
.......~~~~.#...~~~≈≈≈≈≈≈
.....~~~~~~~~~~~~~~~~~~≈≈
#.<~.~~~~~~~~~~~~~~~~~~~
###.~.~~~~~~.~~~~~~~~~~~~
....~~~~.~~~~~~mct....~~~
.##.~~~~.~~~~~~~@c.#
..#)~~≈~~~~~~~cc####
....~~~~~~~~~~~.##
.~~~~~~~~~~~.....####
.~~~~~~~~~~..####...##
..~~~~~~~...## #....#
....~~~~.#### #....#
.....~~~.# #...##
.....~~<.###### #...#


You could see a merfolk javelineer, a satyr, a snapping turtle and 3 fauns.

Vanquished Creatures
  Kirke (Shoals:1)
  3 orc warlords
  A stone giant (D:15)
  A dire elephant (Lair:5)
  Azrael (D:15)
  3 merfolk impalers
  2 hydras
  2 centaur warriors
  An alligator snapping turtle (Shoals:2)
  3 two-headed ogres
  A catoblepas (Shoals:2)
  12 death yaks
  2 tengu warriors (D:15)
  2 satyrs (Shoals:2)
  2 boulder beetles
  2 orc high priests
  A skyshark (Shoals:1)
  2 fire crabs (Lair:4)
  11 sea snakes
  4 skeletal warriors (D:13)
  Pikel (D:4)
  8 harpies
  An orc knight (D:15)
  3 orc sorcerers
  9 fauns
  3 manticores
  6 cyclopes
  5 merfolk sirens
  10 elephants
  A black mamba (Lair:3)
  3 slime creatures (D:13)
  A water nymph (Shoals:2)
  3 cane toads
  A torpor snail (Lair:2)
  3 centaur skeletons (D:13)
  An unseen horror (D:11)
  A rime drake (Lair:2)
  A freezing wraith (D:14)
  2 kobold demonologists
  4 komodo dragons
  3 yaktaurs
  14 merfolk
  A queen bee (D:11)
  5 trolls
  5 wind drakes
  A wolf spider simulacrum (D:15)
  A hornet (D:8)
  3 snapping turtles
  6 dream sheep
  Sigmund (D:4)
  A shadow (D:12)
  A wraith (D:9)
  2 wyverns
  20 yaks
  5 water elementals (Shoals:2)
  4 fire elementals (D:15)
  6 hogs (Shoals:1)
  3 basilisks
  2 steam dragons
  2 vampire mosquitoes (D:13)
  5 wargs
  2 acid dragons (D:11)
  Duvessa (D:4)
  3 hell hounds (D:15)
  6 water moccasins
  23 orc warriors
  2 black bears
  7 wolves
  7 ogres
  10 centaurs
  A lemure (D:4)
  3 phantoms
  5 kobold brigands
  3 gnoll sergeants
  9 bullfrogs
  8 scorpions
  Dowan (D:4)
  20 killer bees (D:11)
  4 spriggan skeletons (D:11)
  8 howler monkeys
  A troll skeleton (D:11)
  3 hounds
  5 orc priests
  A gnoll bouda (D:10)
  3 jellies
  Ijyb (D:5)
  4 iguanas
  Natasha (twice) (D:3)
  9 orc wizards
  5 hell rats
  29 gnolls
  8 adders
  3 river rats (Lair:2)
  2 white imps (D:7)
  An ufetubus (D:6)
  20 orcs
  10 ball pythons
  2 endoplasms
  2 giant cockroaches
  17 goblins
  11 hobgoblins
  9 jackals
  19 kobolds
  4 quokkas
  7 bats
  A frilled lizard (D:1)
  6 rats
523 creatures vanquished.

Vanquished Creatures (collateral kills)
  Polyphemus (Shoals:1)
  2 merfolk impalers (Shoals:2)
  4 hydras
  A merfolk aquamancer (Shoals:2)
  A catoblepas (Lair:5)
  A centaur warrior (D:15)
  2 boulder beetles
  A deep troll shaman (Lair:5)
  Urug (Lair:3)
  13 death yaks
  3 skysharks
  Amaemon (Lair:2)
  A sea snake (Shoals:1)
  2 harpies
  2 orc knights
  3 manticores
  A deep elf pyromancer (D:15)
  2 cyclopes
  5 black mambas
  7 elephants
  2 merfolk sirens
  A centaur skeleton (D:13)
  A torpor snail (Lair:5)
  An orange demon (Lair:2)
  7 cane toads
  2 rime drakes (Lair:4)
  2 yaktaurs (D:13)
  5 komodo dragons
  3 trolls
  7 merfolk
  3 meliai (D:15)
  5 blink frogs (Lair:5)
  2 dream sheep (Lair:5)
  A snapping turtle (Shoals:1)
  3 basilisks
  2 wyverns
  8 yaks
  3 vampire mosquitoes (D:14)
  2 wargs (Orc:2)
  6 water moccasins
  7 orc warriors
  3 ogres
  15 wolves
  2 bullfrogs (Lair:4)
  A gnoll sergeant (D:13)
  A scorpion (Lair:2)
  10 killer bees (D:11)
  A spriggan skeleton (D:11)
  An electric eel (Lair:5)
  4 orc priests
  2 orc wizards
  3 hell rats (Lair:5)
  A gnoll (D:13)
  2 river rats (Lair:2)
  A worm (Lair:2)
  6 orcs
  2 kobolds (D:12)
  3 rats (Lair:2)
185 creatures vanquished.

Vanquished Creatures (others)
  2 orc knights
  A harpy (Shoals:3)
  9 orc warriors
  8 orc wizards
  A centaur (D:8)
  8 orc priests
  A shadow imp (D:7)
  51 orcs
  60 fungi
  142 plants
283 creatures vanquished.

Grand Total: 991 creatures vanquished

Notes
Turn   | Place    | Note
-------+----------+-------------------------------------------
     0 | D:1      | jasper the Hill Orc Monk began the quest for the Orb.
     0 | D:1      | Reached XP level 1. HP: 19/19 MP: 1/1
   167 | D:2      | Found a faded altar of an unknown god.
   401 | D:2      | Reached XP level 2. HP: 22/27 MP: 2/2
   795 | D:3      | Reached skill level 1 in Armour
   795 | D:3      | Reached XP level 3. HP: 22/33 MP: 3/3
   919 | D:4      | Noticed Pikel
   919 | D:4      | Noticed a lemure
   919 | D:4      | Noticed a lemure
   919 | D:4      | Noticed a lemure
  1034 | D:3      | Reached skill level 5 in Axes
  1076 | D:4      | Noticed a lemure
  1076 | D:4      | You fall into a shaft and drop 1 floor!
  1076 | D:5      | Entered Level 5 of the Dungeon
  1114 | D:5      | Noticed an ogre
  1123 | D:5      | Killed an ogre
  1124 | D:5      | Reached XP level 4. HP: 41/41 MP: 4/4
  1124 | D:5      | Reached XP level 5. HP: 47/47 MP: 5/5
  1197 | D:5      | Noticed Ijyb
  1207 | D:5      | Killed Ijyb
  1343 | D:5      | Noticed a phantom
  1358 | D:5      | Killed a phantom
  1359 | D:5      | Reached skill level 5 in Fighting
  1359 | D:5      | Reached XP level 6. HP: 37/56 MP: 6/6
  1673 | D:5      | Noticed a water moccasin
  1684 | D:5      | Killed a water moccasin
  1932 | D:6      | Reached XP level 7. HP: 54/61 MP: 7/7
  2406 | D:6      | Reached XP level 8. HP: 71/71 MP: 8/8
  2880 | D:7      | Found a staircase to the Ecumenical Temple.
  3438 | D:7      | Found a bloodstained altar of Trog.
  3459 | D:7      | Reached skill level 5 in Armour
  3505 | D:7      | Reached skill level 10 in Axes
  3576 | D:7      | Noticed a moth of wrath
  3577 | D:7      | Found a transporter.
  3611 | D:7      | Noticed dialectric's ghost (novice DsFi)
  3625 | D:7      | Found a transporter.
  3630 | D:7      | Noticed a yak
  3709 | D:7      | Noticed a yak
  3709 | D:7      | Noticed a yak
  3709 | D:7      | Noticed a yak
  3720 | D:7      | Noticed a yak
  3726 | D:7      | Killed a yak
  3735 | D:7      | Killed a yak
  3748 | D:7      | Killed a yak
  3749 | D:7      | Reached XP level 9. HP: 58/79 MP: 9/9
  4092 | D:8      | Found a flagged portal.
  4121 | Bailey   | Entered a bailey
  4364 | Bailey   | Noticed an orc warlord
  4376 | Bailey   | Killed an orc warlord
  4377 | Bailey   | Reached XP level 10. HP: 62/91 MP: 10/10
  4438 | Bailey   | Acquired 672 gold pieces
  4446 | Bailey   | Identified the amulet of Feil {Spirit Harm SInv}
  4483 | Bailey   | Noticed an orc knight
  4709 | D:8      | Became a worshipper of Beogh the Brigand
  4709 | D:8      | Reached * piety under Beogh
  4709 | D:8      | Reached ** piety under Beogh
  4883 | D:4      | Killed Pikel
  4884 | D:4      | Reached skill level 1 in Invocations
  5429 | D:3      | Noticed Natasha
  5437 | D:3      | Killed Natasha
  5636 | D:3      | Found an ancient bone altar of Kikubaaqudgha.
  5935 | D:3      | Noticed Natasha
  5939 | D:3      | Killed Natasha
  5950 | D:3      | Identified the +0 chain mail of Impermeability {Harm
                  | *Corrode rF+++ Str-5}
  6228 | D:4      | Noticed Duvessa
  6228 | D:4      | Noticed Dowan
  6241 | D:4      | Killed Duvessa
  6242 | D:4      | Killed Dowan
  6293 | D:4      | Found an opulent altar of Gozag.
  6357 | D:4      | Found Otocli's Distillery.
  6360 | D:4      | Noticed Sigmund
  6375 | D:4      | Killed Sigmund
  6378 | D:4      | Bought a potion of curing for 36 gold pieces
  6378 | D:4      | Bought 2 potions of heal wounds for 120 gold pieces
  6378 | D:4      | Bought 2 potions of heal wounds for 120 gold pieces
  6378 | D:4      | Bought a potion of heal wounds for 60 gold pieces
  6378 | D:4      | Bought a potion of invisibility for 96 gold pieces
  6378 | D:4      | Bought a potion of flight for 36 gold pieces
  6944 | D:8      | Found a burning altar of Makhleb.
  7312 | D:9      | Reached skill level 10 in Fighting
  7360 | D:9      | Reached *** piety under Beogh
  7456 | D:9      | Reached skill level 15 in Axes
  7463 | D:9      | Reached XP level 11. HP: 76/100 MP: 14/14
  7535 | D:9      | Found a staircase to the Lair.
  7542 | D:9      | Noticed a two-headed ogre
  7553 | D:9      | Killed a two-headed ogre
  7918 | D:9      | Reached skill level 5 in Invocations
  8300 | D:10     | Entered Level 10 of the Dungeon
  8489 | D:10     | Reached **** piety under Beogh
  8610 | D:10     | Gained Olfrun as an ally
  9255 | D:11     | Noticed a cyclops
  9274 | D:11     | Killed a cyclops
  9608 | D:11     | Found a staircase to the Orcish Mines.
  9677 | D:11     | Found Raul's Assorted Antiques.
  9682 | D:11     | Bought a pair of boots for 139 gold pieces
  9682 | D:11     | Bought a helmet for 139 gold pieces
  9797 | D:11     | Noticed a cyclops
  9799 | D:11     | Noticed a cyclops
  9801 | D:11     | Your ally Olfrun died
  9805 | D:11     | Killed a cyclops
  9808 | D:11     | Killed a cyclops
  9871 | D:11     | Gained Garbold as an ally
  9876 | D:11     | Reached ***** piety under Beogh
  9896 | D:11     | Reached XP level 12. HP: 74/108 MP: 16/16
  9903 | D:11     | Reached skill level 1 in Shields
 10269 | Lair:1   | Entered Level 1 of the Lair of Beasts
 11180 | Lair:2   | Found a hole to the Spider Nest.
 11193 | Lair:2   | Reached skill level 5 in Shields
 11528 | Lair:2   | Gained Orbeogh as an ally
 11689 | Lair:2   | Noticed Amaemon
 11700 | Lair:2   | Killed Amaemon
 12551 | Lair:3   | Found a staircase to the Shoals.
 13037 | Lair:3   | Noticed Urug
 13045 | Lair:3   | Killed Urug
 13289 | Lair:4   | Noticed a seven-headed hydra
 13291 | Lair:4   | Killed an eight-headed hydra
 13292 | Lair:4   | Reached skill level 10 in Shields
 13396 | Lair:4   | Noticed a six-headed hydra
 13399 | Lair:4   | Killed a six-headed hydra
 13496 | Lair:4   | Found a staircase to the Slime Pits.
 13497 | Lair:4   | Found a viscous altar of Jiyva.
 13560 | Lair:4   | Noticed a seven-headed hydra
 13565 | Lair:4   | Reached XP level 13. HP: 102/115 MP: 7/17
 13907 | Lair:4   | Identified the +8 whip of Inconvenience {venom, Fly rPois
                  | Will-}
 14529 | Lair:5   | Entered Level 5 of the Lair of Beasts
 15196 | Lair:5   | Reached skill level 15 in Shields
 15699 | Lair:5   | Reached XP level 14. HP: 124/124 MP: 18/18
 15755 | Lair:5   | Reached skill level 10 in Armour
 16046 | Lair:5   | Gained Olfrun as an ally
 16122 | Lair:5   | Noticed a dire elephant
 16133 | Lair:5   | Killed a dire elephant
 16448 | Temple   | Entered the Ecumenical Temple
 17981 | D:13     | Your ally Garbold died
 18264 | D:13     | Gained Warbeogh as an ally
 18632 | D:13     | Found a runed translucent gate.
 18632 | D:13     | Found a runed translucent gate.
 18632 | D:13     | Found a runed translucent gate.
 18735 | D:13     | Found a gate to the Vaults.
 19853 | D:15     | Entered Level 15 of the Dungeon
 20002 | D:15     | Noticed Azrael
 20010 | D:15     | Killed Azrael
 20011 | D:15     | Reached XP level 15. HP: 73/139 MP: 7/22
 20062 | D:15     | Reached skill level 10 in Invocations
 20160 | D:15     | Found a staircase to the Depths.
 20501 | D:15     | Reached skill level 15 in Fighting
 21612 | Orc:1    | Entered Level 1 of the Orcish Mines
 21894 | Orc:2    | Entered Level 2 of the Orcish Mines
 22320 | Orc:1    | Noticed an orc warlord
 22341 | Orc:1    | Killed an orc warlord
 22449 | Orc:1    | Found a roughly hewn altar of Beogh.
 22774 | Orc:2    | Noticed an orc warlord
 22790 | Orc:2    | Killed an orc warlord
 23067 | Orc:2    | Found Pawkas's Antique Weapon Emporium.
 23068 | Orc:2    | Found a roughly hewn altar of Beogh.
 23071 | Orc:2    | Found Pudytt's Antique Armour Shoppe.
 23079 | Orc:2    | Bought a spiked plate armour for 504 gold pieces
 23079 | Orc:2    | Identified the +1 plate armour of the Salamander {rPois}
                  | (You bought it in a shop on level 2 of the Orcish Mines)
 23508 | Orc:2    | Found a roughly hewn altar of Beogh.
 23752 | Orc:2    | Found Hubbon's Armour Boutique.
 23868 | Orc:2    | Found a staircase to the Elven Halls.
 23890 | Orc:2    | Found a roughly hewn altar of Beogh.
 24147 | Orc:2    | Found Lifocaq's General Store.
 24154 | Orc:2    | Bought a scroll of butterflies for 68 gold pieces
 24154 | Orc:2    | Bought a +2 bardiche of venom for 387 gold pieces
 24205 | Orc:2    | Found a roughly hewn altar of Beogh.
 24562 | Orc:2    | Found a roughly hewn altar of Beogh.
 24575 | Orc:2    | Found Coyhiwu's Antique Weapon Shoppe.
 24952 | Shoals:1 | Entered Level 1 of the Shoals
 25787 | Shoals:1 | Noticed Kirke
 25807 | Shoals:1 | Killed Kirke
 25813 | Shoals:1 | HP: 6/144 [snapping turtle (13)]
 26451 | Shoals:2 | Noticed Polyphemus
 26668 | Shoals:2 | HP: 4/146 [catoblepas[Polyphemus] (6)]
 26680 | Shoals:2 | HP: 6/146 [death yak[Polyphemus] (13)]
 26918 | Shoals:1 | Killed Polyphemus
 27023 | Shoals:2 | HP: 6/147 [faun/sling bullet[a satyr] (15)]
 27032 | Shoals:2 | Reached XP level 16. HP: 68/155 MP: 25/25
 29222 | Shoals:3 | Slain by a faun

Illustrated notes

Levels and vault maps discovered:
D:1:      onia_arrival_mini_maze_b, layout_basic, minivault_26,
          minmay_pentomino_q4
D:2:      layout_basic, hellmonk_ecumenical_altar_blasted
D:3:      minmay_spotlight, layout_basic, lemuel_tele_altar,
          portal_sewer_entry_d, st_stairs_6, nicolae_elevator_lobby_asterisk,
          uniq_natasha
D:4:      layout_rooms, grunt_gozag_statues, serial_shops, shop, uniq_duvessa,
          uniq_pikel, uniq_sigmund
D:5:      layout_loops_ring, uniq_ijyb
D:6:      layout_basic
D:7:      layout_basic, trog_butcher_becter, minmay_temple_entry_mist,
          gammafunk_ghost_berserking_beasts, chequers_arboretum
D:8:      layout_gridville, lightli_temple_of_fire, enter_bailey_7
D:9:      layout_gridville, due_lair_maze_entry_diamond
D:10:     layout_rooms
D:11:     layout_rooms, david_orc_4, special_room [special_room_bee],
          serial_shops, nicolae_shop_hallway_plus, amcnicky_mini_pool_small,
          hangedman_tell_no_tales
D:12:     layout_stronghold
D:13:     layout_basic, hangedman_vaults_entry_quadrant_bands,
          ploomutoo_gammafunk_ghost_potion_laboratory, interstate_on_off
D:14:     layout_loops_ring, nicolae_sextant
D:15:     grunt_enter_depths_giant_problem, layout_basic, dk_noncrumbling_3,
          nicolae_titane, uniq_azrael
Temple:   mainiacjoe_temple_bowtie_tessellation
Lair:1:   layout_cave_pods, small_statue_intersection, serial_bayou_shore_b
Lair:2:   layout_regular_city, nicolae_spider_entry_non_spiders,
          kennysheep_abandoned_house, lemuel_fruit_tree, uniq_amaemon
Lair:3:   layout_cave_pods, elwin_shoals_entry_stream,
          chequers_serial_rivers_room_b, uniq_urug
Lair:4:   nzn_winding_woodlands_stair_trap [nzn_winding_woodlands_5x15_pool,
          nzn_winding_woodlands_5x15_crooked, nzn_winding_woodlands_5x15_parted,
          nzn_winding_woodlands_15x15_thick_spiral,
          nzn_winding_woodlands_5x15_pathside_ponds,
          nzn_winding_woodlands_5x15_eye, nzn_winding_woodlands_5x15_longhouse],
          layout_hall_layers, slime_entry_1, nicolae_quartered_pool_little
Lair:5:   grunt_lair_end_beastmaster, layout_concentric_octagons,
          grunt_megastairs_3, infiniplex_staircase_pool_2, serial_bayou_shore_a
Shoals:1: layout_shoals, uniq_kirke
Shoals:2: layout_shoals, nicolae_shoals_wave_tunnel, uniq_polyphemus
Shoals:3: layout_shoals, st_sunken_huts
Orc:1:    layout_caves, basic_altar
Orc:2:    grunt_orc_community_town_hall, layout_caves,
          grunt_orc_community_big_house_2, grunt_orc_community_big_house_2,
          grunt_orc_community_house_3, grunt_orc_community_house_2,
          grunt_orc_community_house_2, grunt_orc_community_house_3,
          grunt_orc_community_house_3, serial_shops, nicolae_shop_behind_doors,
          portal_ice_cave_entry_pillars_1, nicolae_orc_tapped_out

Skill      XL: |  1  2  3  4  5  6  7  8  9 10 11 12 13 14 15 16 |
---------------+-------------------------------------------------+-----
Fighting       | 4 5 6 7 9 10 11 14 17 18 | 18.1
Armour         | 1 2 3 4 5 7 8 9 11 12 13 | 13.4
Axes           | 6 7 9 11 13 15 18 | 18.0
Invocations    | 4 5 6 9 12 13 | 13.0
Shields        | 11 15 | 15.0
Dodging        | |  2.4
Stealth        | |  1.5

Action                     |  1- 3 |  4- 6 |  7- 9 | 10-12 | 13-15 | 16-18 || total
---------------------------+-------+-------+-------+-------+-------+-------++-------
  Melee: Trident           |    71 |    60 |   118 |       |       |       ||   249
         War axe           |       |       |   152 |       |       |       ||   152
         Halberd           |       |       |    16 |       |       |       ||    16
         Punch             |       |       |     2 |     8 |       |       ||    10
         Broad axe         |       |       |     3 |   731 |   904 |   162 ||  1800
  Throw: Dart              |     7 |     2 |     5 |     1 |     1 |       ||    16
         Boomerang         |     9 |     8 |    10 |       |     6 |     4 ||    37
 Invoke: Convert to Beogh  |       |       |       |     1 |       |       ||     1
         Smiting           |       |       |       |     8 |    26 |       ||    34
         Give Item to Name |       |       |       |     1 |     2 |       ||     3
         Recall Orcish Fol |       |       |       |       |    12 |     1 ||    13
         Stop Recall       |       |       |       |       |     3 |       ||     3
  Evoke: Wand              |       |     1 |     1 |     5 |     8 |     2 ||    17
    Use: Scroll            |     4 |       |    10 |     5 |    13 |     1 ||    33
         Potion            |       |       |     2 |     5 |    13 |       ||    20
   Stab: Distracted        |     1 |       |       |     1 |    12 |     3 ||    17
         Sleeping          |     1 |       |       |       |       |       ||     1
         Paralysed         |       |     7 |       |       |       |       ||     7
         Invisible         |       |       |       |     2 |       |       ||     2
         Petrified         |       |       |       |       |    16 |       ||    16
         Petrifying        |       |       |       |       |     2 |       ||     2
 Armour: Robe              |    15 |       |       |       |       |       ||    15
         Scale mail        |       |    19 |    67 |       |       |       ||    86
         Plate armour      |       |       |     8 |   427 |   459 |    85 ||   979
  Dodge: Dodged            |    43 |    16 |   203 |   473 |   452 |   101 ||  1288
  Block: Kite shield       |       |       |       |    28 |   726 |   109 ||   863

Table legend: (Time is in decaauts)
 A = Elapsed time spent in this place.
 B = Non-inter-level travel time spent in this place.
 C = Inter-level travel time spent in this place.
 D = Time resting spent in this place.
 E = Time spent auto-exploring this place.
 F = Levels seen in this place.
 G = Mean time per level.
                   A        B        C        D        E       F      G
               +--------+--------+--------+--------+--------+-----+--------+
         Total |  28957 |  27130 |   1827 |   6011 |  15563 |  27 | 1072.5 |
       Dungeon |  14949 |  13819 |   1130 |   1973 |   9296 |  15 |  996.6 |
        Temple |    254 |    234 |     20 |     11 |    190 |   1 |  254.0 |
          Lair |   6110 |   5761 |    349 |   1085 |   3461 |   5 | 1222.0 |
        Shoals |   4221 |   4159 |     62 |   1722 |   1532 |   3 | 1407.0 |
  Orcish Mines |   3028 |   2764 |    264 |   1196 |    983 |   2 | 1514.0 |
        Bailey |    393 |    393 |      0 |     24 |    101 |   1 |  393.0 |
               +--------+--------+--------+--------+--------+-----+--------+

Top non-repeatable levels by time:
   Orc:2: 2126 daAuts
Shoals:1: 2068 daAuts
Shoals:2: 1984 daAuts
  Lair:4: 1625 daAuts
    D:15: 1582 daAuts
  Lair:5: 1392 daAuts
     D:3: 1361 daAuts
     D:7: 1243 daAuts
     D:9: 1195 daAuts
    D:12: 1172 daAuts
    D:13: 1150 daAuts
     D:6: 1143 daAuts
  Lair:3: 1130 daAuts
    D:11: 1100 daAuts
  Lair:2: 1005 daAuts
